TOP OF THE 1ST |
Peoria Chiefs batting - Pitching for Great Lakes Loons : LHP Terry LaPlante
|
Pitching: LHP Terry LaPlante
|
|
Batting: LHB Tsutomu Miyahara
|
0-0: Ball 1-0: Fly out, F9 (Flyball, 9, EV 85.6 MPH)
|
Batting: RHB Tommy Tracy
|
0-0: Called Strike 0-1: Foul Ball, location: 2F 0-2: Strikes out swinging
|
Batting: RHB Jonathan Davis
|
0-0: SINGLE (Line Drive, 4MD, EV 104.4 MPH)
|
Batting: SHB Gerardo Macias
|
0-0: Ball 1-0: SINGLE (Groundball, 6MD, EV 108.8 MPH) Jonathan Davis to second
|
Batting: RHB Kalidas Mishra
|
0-0: Called Strike 0-1: Foul Ball, location: 2F 0-2: Fly out, F5 (Popup, 5SF, EV 70.6 MPH)
|
Top of the 1st over - 0 runs, 2 hits, 0 errors, 2 left on base; Peoria 0 - Great Lakes 0 |
BOTTOM OF THE 1ST |
Great Lakes Loons batting - Pitching for Peoria Chiefs : RHP Jose Rico
|
Pitching: RHP Jose Rico
|
|
Batting: LHB Nate Kee
|
0-0: Ball 1-0: Ball 2-0: SINGLE (Line Drive, 8RS, EV 106.9 MPH)
|
Batting: LHB Tore Bosch
|
0-0: Ball 1-0: Called Strike 1-1: Grounds into double play, 6-4-3 (Groundball, 6, EV 91.2 MPH)
|
Batting: LHB Jesus Ramirez
|
0-0: Ball 1-0: Swinging Strike 1-1: Foul Ball, location: 2F 1-2: Strikes out swinging
|
Bottom of the 1st over - 0 runs, 1 hit, 0 errors, 0 left on base; Peoria 0 - Great Lakes 0 |
TOP OF THE 2ND |
Peoria Chiefs batting - Pitching for Great Lakes Loons : LHP Terry LaPlante
|
Batting: LHB Dana McDonald
|
0-0: Called Strike 0-1: Swinging Strike 0-2: Foul Ball, location: 2F 0-2: Foul Ball, location: 2F 0-2: Ball 1-2: Ground out 4-3 (Groundball, 4, EV 108.1 MPH)
|
Batting: RHB Josh Broome
|
0-0: Called Strike 0-1: Ball 1-1: Swinging Strike 1-2: Ball 2-2: Strikes out swinging
|
Batting: RHB Edgar Landim
|
0-0: Foul Ball, location: 2F 0-1: Ball 1-1: Ball 2-1: Ground out 4-3 (Groundball, 4, EV 104.4 MPH)
|
Top of the 2nd over - 0 runs, 0 hits, 0 errors, 0 left on base; Peoria 0 - Great Lakes 0 |
BOTTOM OF THE 2ND |
Great Lakes Loons batting - Pitching for Peoria Chiefs : RHP Jose Rico
|
Batting: SHB Xavier Alaniz
|
0-0: Ball 1-0: Foul Ball, location: 2F 1-1: Called Strike 1-2: Strikes out swinging
|
Batting: RHB Javier Solis
|
0-0: Ball 1-0: Swinging Strike 1-1: Swinging Strike 1-2: Foul Ball, location: 2F 1-2: Ball 2-2: Strikes out looking
|
Batting: LHB Jim Jardine
|
0-0: Ball 1-0: Foul Ball, location: 2F 1-1: Swinging Strike 1-2: Foul Ball, location: 2F 1-2: Ball 2-2: Strikes out swinging
|
Bottom of the 2nd over - 0 runs, 0 hits, 0 errors, 0 left on base; Peoria 0 - Great Lakes 0 |
TOP OF THE 3RD |
Peoria Chiefs batting - Pitching for Great Lakes Loons : LHP Terry LaPlante
|
Batting: RHB Richard Riggs
|
0-0: Ball 1-0: Swinging Strike 1-1: Called Strike 1-2: Strikes out looking
|
Batting: LHB Tsutomu Miyahara
|
0-0: Ball 1-0: Foul Ball, location: 2F 1-1: Ground out 4-3 (Groundball, 4, EV 84.4 MPH)
|
Batting: RHB Tommy Tracy
|
0-0: Foul Ball, location: 2F 0-1: Foul Ball, location: 2F 0-2: Foul Ball, location: 2F 0-2: Foul Ball, location: 2F 0-2: Fly out, F8 (Flyball, 8LM, EV 88.8 MPH)
|
Top of the 3rd over - 0 runs, 0 hits, 0 errors, 0 left on base; Peoria 0 - Great Lakes 0 |
BOTTOM OF THE 3RD |
Great Lakes Loons batting - Pitching for Peoria Chiefs : RHP Jose Rico
|
Batting: RHB Steve Clark
|
0-0: Called Strike 0-1: Called Strike 0-2: Foul Ball, location: 2F 0-2: Foul Ball, location: 2F 0-2: Ball 1-2: Ball 2-2: Ground out 5-3 (Groundball, 56, EV 99.4 MPH)
|
Batting: RHB Ruben Serrata
|
0-0: Called Strike 0-1: Ball 1-1: Foul Ball, location: 2F 1-2: Strikes out swinging
|
Batting: RHB Jason Baldwin
|
0-0: Ball 1-0: Foul Ball, location: 2F 1-1: Ball 2-1: Swinging Strike 2-2: Ball 3-2: Strikes out swinging
|
Bottom of the 3rd over - 0 runs, 0 hits, 0 errors, 0 left on base; Peoria 0 - Great Lakes 0 |
TOP OF THE 4TH |
Peoria Chiefs batting - Pitching for Great Lakes Loons : LHP Terry LaPlante
|
Batting: RHB Jonathan Davis
|
0-0: SINGLE (Groundball, 6D, EV 98.1 MPH)
|
Batting: SHB Gerardo Macias
|
0-0: Ball 1-0: Ball 2-0: Called Strike 2-1: Called Strike 2-2: Strikes out swinging
|
Batting: RHB Kalidas Mishra
|
0-0: Fly out, F8 (Flyball, 89D, EV 93.8 MPH)
|
Batting: LHB Dana McDonald
|
0-0: Ground out U3 (Groundball, 3, EV 87.5 MPH)
|
Top of the 4th over - 0 runs, 1 hit, 0 errors, 1 left on base; Peoria 0 - Great Lakes 0 |
BOTTOM OF THE 4TH |
Great Lakes Loons batting - Pitching for Peoria Chiefs : RHP Jose Rico
|
Batting: LHB Nate Kee
|
0-0: Ball 1-0: Ball 2-0: Called Strike 2-1: Fly out, F7 (Flyball, 78M, EV 84.4 MPH)
|
Batting: LHB Tore Bosch
|
0-0: Ball 1-0: Ground out 6-3 (Groundball, 4MD, EV 109.4 MPH)
|
Batting: LHB Jesus Ramirez
|
0-0: Called Strike 0-1: Ball 1-1: SINGLE (Groundball, 6M, EV 94.4 MPH)
|
Batting: SHB Xavier Alaniz
|
0-0: Ball 1-0: Ball 2-0: SINGLE (Groundball, 4D, EV 96.9 MPH) Jesus Ramirez to second
|
Batting: RHB Javier Solis
|
0-0: Ball 1-0: Foul Ball, location: 2F 1-1: Fly out, F6 (Line Drive, 6D, EV 67.5 MPH)
|
Bottom of the 4th over - 0 runs, 2 hits, 0 errors, 2 left on base; Peoria 0 - Great Lakes 0 |
TOP OF THE 5TH |
Peoria Chiefs batting - Pitching for Great Lakes Loons : LHP Terry LaPlante
|
Batting: RHB Josh Broome
|
0-0: Called Strike 0-1: Fly out, F7 (Line Drive, 7, EV 103.8 MPH)
|
Batting: RHB Edgar Landim
|
0-0: Called Strike 0-1: Called Strike 0-2: Strikes out swinging
|
Batting: RHB Richard Riggs
|
0-0: Foul Ball, location: 2F 0-1: Foul Ball, location: 2F 0-2: Foul Ball, location: 2F 0-2: Ball 1-2: Ball 2-2: Strikes out looking
|
Top of the 5th over - 0 runs, 0 hits, 0 errors, 0 left on base; Peoria 0 - Great Lakes 0 |
BOTTOM OF THE 5TH |
Great Lakes Loons batting - Pitching for Peoria Chiefs : RHP Jose Rico
|
Batting: LHB Jim Jardine
|
0-0: Called Strike 0-1: Ball 1-1: Ball 2-1: Ball 3-1: Base on Balls
|
Batting: RHB Steve Clark
|
0-0: Called Strike 0-1: Ball 1-1: Swinging Strike 1-2: Ball 2-2: Foul Ball, location: 2F 2-2: Ball 3-2: Base on Balls Jim Jardine to second
|
Pinch Runner at 2nd Cory Bowler:
|
|
Batting: RHB Ruben Serrata
|
0-0: Called Strike 0-1: Foul Ball, location: 2F 0-2: Ball 1-2: Ball 2-2: Ball 3-2: Grounds into double play, 5-4-3 (Groundball, 56S, EV 86.2 MPH) Cory Bowler to third
|
Batting: RHB Jason Baldwin
|
0-0: Ball 1-0: DOUBLE (Groundball, 5L, EV 101.9 MPH) Cory Bowler scores
|
Batting: LHB Nate Kee
|
0-0: Ball 1-0: Foul Ball, location: 2F 1-1: Foul Ball, location: 2F 1-2: Ball 2-2: Foul Ball, location: 2F 2-2: Fly out, F7 (Flyball, 7D, EV 85.0 MPH)
|
Bottom of the 5th over - 1 run, 1 hit, 0 errors, 1 left on base; Peoria 0 - Great Lakes 1 |
TOP OF THE 6TH |
Peoria Chiefs batting - Pitching for Great Lakes Loons : LHP Terry LaPlante
|
Now at SS: Trevor Conklin
|
|
Batting: LHB Tsutomu Miyahara
|
0-0: Ball 1-0: Ball 2-0: Fly out, F9 (Flyball, 9S, EV 85.0 MPH)
|
Batting: RHB Tommy Tracy
|
0-0: Ball 1-0: Ball 2-0: Ball 3-0: Called Strike 3-1: Base on Balls
|
Batting: RHB Jonathan Davis
|
0-0: Called Strike 0-1: Ball 1-1: SINGLE (Line Drive, 5D, EV 105.6 MPH) Tommy Tracy to second
|
Batting: SHB Gerardo Macias
|
0-0: Ball 1-0: Ball 2-0: Ball 3-0: Called Strike 3-1: Base on Balls Tommy Tracy to third Jonathan Davis to second
|
Batting: RHB Kalidas Mishra
|
0-0: Called Strike 0-1: Ball 1-1: Grounds into fielders choice 3-2 (Groundball, 34S, EV 72.5 MPH) Jonathan Davis to third Gerardo Macias to second
|
Batting: LHB Dana McDonald
|
0-0: Ball 1-0: Swinging Strike 1-1: Foul Ball, location: 2F 1-2: Foul Ball, location: 2F 1-2: Ball 2-2: Foul Ball, location: 2F 2-2: SINGLE (Flyball, 78S, EV 93.1 MPH) Jonathan Davis scores Gerardo Macias to third Kalidas Mishra to second Runner from 3rd tries for Home, throw by CF and OUT! 8-2
|
Top of the 6th over - 1 run, 2 hits, 0 errors, 2 left on base; Peoria 1 - Great Lakes 1 |
BOTTOM OF THE 6TH |
Great Lakes Loons batting - Pitching for Peoria Chiefs : RHP Jose Rico
|
Batting: LHB Tore Bosch
|
0-0: Ball 1-0: Ball 2-0: Ball 3-0: Called Strike 3-1: Base on Balls
|
Batting: LHB Jesus Ramirez
|
0-0: Swinging Strike 0-1: Foul Ball, location: 2F 0-2: Foul Ball, location: 2F 0-2: Foul Ball, location: 2F 0-2: Ball 1-2: Grounds into double play, 4-6-3 (Groundball, 4, EV 88.8 MPH)
|
Batting: SHB Xavier Alaniz
|
0-0: Ball 1-0: Foul Ball, location: 2F 1-1: Called Strike 1-2: Foul Ball, location: 2F 1-2: Foul Ball, location: 2F 1-2: Ball 2-2: Foul Ball, location: 2F 2-2: Fly out, F7 (Flyball, 7LM, EV 95.0 MPH)
|
Bottom of the 6th over - 0 runs, 0 hits, 0 errors, 0 left on base; Peoria 1 - Great Lakes 1 |
TOP OF THE 7TH |
Peoria Chiefs batting - Pitching for Great Lakes Loons : LHP Terry LaPlante
|
Batting: RHB Josh Broome
|
0-0: Ground out U3 (Groundball, 34, EV 96.2 MPH)
|
Batting: RHB Edgar Landim
|
0-0: Ball 1-0: Foul Ball, location: 2F 1-1: Foul Ball, location: 2F 1-2: Foul Ball, location: 2F 1-2: Ball 2-2: Foul Ball, location: 2F 2-2: Foul Ball, location: 2F 2-2: Strikes out swinging
|
Batting: RHB Richard Riggs
|
0-0: Ball 1-0: Ball 2-0: SINGLE (Groundball, 4D, EV 100.0 MPH)
|
Batting: LHB Tsutomu Miyahara
|
0-0: Called Strike Richard Riggs is caught stealing 2nd base 2-6
|
Top of the 7th over - 0 runs, 1 hit, 0 errors, 0 left on base; Peoria 1 - Great Lakes 1 |
BOTTOM OF THE 7TH |
Great Lakes Loons batting - Pitching for Peoria Chiefs : RHP Jose Rico
|
Batting: RHB Javier Solis
|
0-0: SINGLE (Groundball, 4MD, EV 103.8 MPH)
|
Pitching: LHP Jake Richards
|
|
Batting: RHB Trevor Conklin
|
0-0: Swinging Strike 0-1: Ball 1-1: Fly out, F4 (Line Drive, 4, EV 69.4 MPH) Lined into DP, 4-3 (Line Drive, 4, EV 70.0 MPH)
|
Batting: RHB Steve Clark
|
0-0: Ball 1-0: Fly out, F8 (Flyball, 89D, EV 101.2 MPH)
|
Bottom of the 7th over - 0 runs, 1 hit, 0 errors, 0 left on base; Peoria 1 - Great Lakes 1 |
TOP OF THE 8TH |
Peoria Chiefs batting - Pitching for Great Lakes Loons : LHP Terry LaPlante
|
Batting: LHB Tsutomu Miyahara
|
0-0: Foul Ball, location: 2F 0-1: Ball 1-1: Ball 2-1: Foul Ball, location: 2F 2-2: Foul Ball, location: 2F 2-2: Ball 3-2: Ground out 4-3 (Groundball, 4, EV 104.4 MPH)
|
Batting: RHB Tommy Tracy
|
0-0: Ball 1-0: Ball 2-0: Called Strike 2-1: Ball 3-1: Called Strike 3-2: Base on Balls
|
Pitching: RHP Matt Hager
|
|
Batting: RHB Jonathan Davis
|
0-0: Foul Ball, location: 2F 0-1: Called Strike 0-2: Ball Balk! Tommy Tracy to second 1-2: Strikes out swinging
|
Batting: SHB Gerardo Macias
|
0-0: Intentional Walk
|
Batting: RHB Kalidas Mishra
|
0-0: Foul Ball, location: 2F 0-1: Called Strike 0-2: Strikes out swinging
|
Top of the 8th over - 0 runs, 0 hits, 0 errors, 2 left on base; Peoria 1 - Great Lakes 1 |
BOTTOM OF THE 8TH |
Great Lakes Loons batting - Pitching for Peoria Chiefs : LHP Jake Richards
|
Batting: RHB Ruben Serrata
|
0-0: Ball 1-0: SINGLE (Groundball, 56D, EV 96.9 MPH)
|
Batting: RHB Jason Baldwin
|
0-0: Bunted foul 0-1: Bunt missed! 0-2: Ball Wild Pitch! Ruben Serrata to second 1-2: Ball 2-2: Ground out 4-3 (Groundball, 4, EV 108.1 MPH) Ruben Serrata to third
|
Batting: LHB Nate Kee
|
0-0: Ball 1-0: Foul Ball, location: 2F 1-1: Fly out, F7 (Flyball, 78M, EV 78.8 MPH)
|
Batting: RHB Eddie Perry
|
0-0: Ball 1-0: Fly out, F8 (Flyball, 78D, EV 100.0 MPH)
|
Bottom of the 8th over - 0 runs, 1 hit, 0 errors, 1 left on base; Peoria 1 - Great Lakes 1 |
TOP OF THE 9TH |
Peoria Chiefs batting - Pitching for Great Lakes Loons : RHP Matt Hager
|
Batting: LHB Dana McDonald
|
0-0: Ball 1-0: Swinging Strike 1-1: Ball 2-1: Ball 3-1: Foul Ball, location: 2F 3-2: Ground out U3 (Groundball, 3, EV 83.8 MPH)
|
Batting: RHB Josh Broome
|
0-0: Called Strike 0-1: Swinging Strike 0-2: Ball 1-2: Strikes out swinging
|
Pinch Hitting: SHB Jorge Brito
|
0-0: Ball 1-0: Ball 2-0: Ball 3-0: Called Strike 3-1: Foul Ball, location: 2F 3-2: Foul Ball, location: 2F 3-2: Foul Ball, location: 2F 3-2: Strikes out looking
|
Top of the 9th over - 0 runs, 0 hits, 0 errors, 0 left on base; Peoria 1 - Great Lakes 1 |
BOTTOM OF THE 9TH |
Great Lakes Loons batting - Pitching for Peoria Chiefs : LHP Jake Richards
|
Pitching: RHP Nick Butler
|
|
Now at 3B: Jorge Brito
|
|
Batting: LHB Jesus Ramirez
|
0-0: Ball 1-0: Foul Ball, location: 2F 1-1: Called Strike 1-2: SINGLE (Groundball, 6MD, EV 95.0 MPH)
|
Batting: SHB Xavier Alaniz
|
0-0: Fly out, F8 (Flyball, 89D, EV 91.2 MPH)
|
Batting: RHB Javier Solis
|
0-0: Ball 1-0: Foul Ball, location: 2F 1-1: Foul Ball, location: 2F 1-2: Ball 2-2: Ball Wild Pitch! Jesus Ramirez to second 3-2: Strikes out swinging
|
Batting: RHB Trevor Conklin
|
0-0: Ground out 5-3 (Groundball, 56, EV 87.5 MPH)
|
Bottom of the 9th over - 0 runs, 1 hit, 0 errors, 1 left on base; Peoria 1 - Great Lakes 1 |
TOP OF THE 10TH |
Peoria Chiefs batting - Pitching for Great Lakes Loons : RHP Matt Hager
|
Pitching: RHP Adonis Loyd
|
|
Batting: RHB Richard Riggs
|
0-0: Ball 1-0: Ground out 5-3 (Groundball, 25, EV 83.8 MPH)
|
Batting: LHB Tsutomu Miyahara
|
0-0: Swinging Strike 0-1: Ground out 4-3 (Groundball, 4, EV 95.6 MPH)
|
Batting: RHB Tommy Tracy
|
0-0: Ball 1-0: Ball 2-0: Called Strike 2-1: Called Strike 2-2: Ball 3-2: Strikes out swinging, 2-3 out at first.
|
Top of the 10th over - 0 runs, 0 hits, 0 errors, 0 left on base; Peoria 1 - Great Lakes 1 |
BOTTOM OF THE 10TH |
Great Lakes Loons batting - Pitching for Peoria Chiefs : RHP Nick Butler
|
Pitching: LHP John Grinter
|
|
Batting: RHB Steve Clark
|
0-0: Ball 1-0: SINGLE (Flyball, 6D, EV 89.4 MPH)
|
Batting: RHB Ruben Serrata
|
0-0: Ball 1-0: Foul Ball, location: 2F 1-1: Grounds into double play, 5-4-3 (Groundball, 56, EV 101.9 MPH)
|
Batting: RHB Jason Baldwin
|
0-0: Swinging Strike 0-1: Called Strike 0-2: Ball 1-2: Ball 2-2: Ball 3-2: Foul Ball, location: 2F 3-2: Strikes out swinging
|
Bottom of the 10th over - 0 runs, 1 hit, 0 errors, 0 left on base; Peoria 1 - Great Lakes 1 |
TOP OF THE 11TH |
Peoria Chiefs batting - Pitching for Great Lakes Loons : RHP Adonis Loyd
|
Batting: RHB Jonathan Davis
|
0-0: SINGLE (Groundball, 34S, EV 95.0 MPH)
|
Batting: SHB Gerardo Macias
|
0-0: Ball 1-0: Ball 2-0: Ball 3-0: Base on Balls Jonathan Davis to second
|
Batting: RHB Kalidas Mishra
|
0-0: Ball 1-0: Ball 2-0: Foul Ball, location: 2F 2-1: Fielders Choice at 2nd, 5-4 (Groundball, 56S, EV 89.4 MPH) Jonathan Davis to third
|
Batting: LHB Dana McDonald
|
0-0: Called Strike 0-1: Called Strike 0-2: Ball 1-2: Ball 2-2: Ball 3-2: Strikes out looking
|
Batting: RHB Josh Broome
|
0-0: Called Strike 0-1: Called Strike 0-2: Strikes out swinging
|
Top of the 11th over - 0 runs, 1 hit, 0 errors, 2 left on base; Peoria 1 - Great Lakes 1 |
BOTTOM OF THE 11TH |
Great Lakes Loons batting - Pitching for Peoria Chiefs : LHP John Grinter
|
Batting: LHB Nate Kee
|
0-0: Called Strike 0-1: Ball 1-1: Ball 2-1: Foul Ball, location: 2F 2-2: Foul Ball, location: 2F 2-2: Strikes out looking
|
Batting: RHB Eddie Perry
|
0-0: Called Strike 0-1: Ball 1-1: Foul Ball, location: 2F 1-2: Foul Ball, location: 2F 1-2: Ball 2-2: Foul Ball, location: 2F 2-2: Foul Ball, location: 2F 2-2: Strikes out swinging
|
Batting: LHB Jesus Ramirez
|
0-0: Called Strike 0-1: Swinging Strike 0-2: Ball 1-2: Ball 2-2: Foul Ball, location: 2F 2-2: Foul Ball, location: 2F 2-2: SOLO HOME RUN (Flyball, 9D, EV 94.4 MPH), Distance : 373 ft
|
Bottom of the 11th over - 1 run, 1 hit, 0 errors, 0 left on base; Peoria 1 - Great Lakes 2 |
|